 Dungeon Crawl Stone Soup version 0.29.1-1-gd02db6906a (webtiles) character file.

Game seed: 7715538359325107205

1094 Icepheonix32 the Trooper (level 8, -5/71 HPs)
             Began as a Minotaur Fighter on Sept 23, 2022.
             Slain by an iguana (11 damage)
             ... on level 5 of the Dungeon.
             The game lasted 00:07:26 (4348 turns).

Icepheonix32 the Trooper (Minotaur Fighter)         Turns: 4348, Time: 00:07:27

Health: -5/71      AC:  9    Str: 19 (22) XL:     8   Next: 10%
Magic:  7/7        EV:  9    Int:  4 (5)  God:
Gold:   196        SH:  4    Dex:  7 (8)  Spells: 7/7 levels left

rFire   . . .      SeeInvis .   n - +9 spear "Siocor" {vorpal, rElec rC+ Dex-3}
rCold   + + .      Faith    .   c - +0 buckler
rNeg    . . .      Spirit   .   b - +0 scale mail
rPois   .          Reflect  .   (helmet restricted)
rElec   +          Harm     .   (no cloak)
rCorr   .          Rampage  .   r - +1 pair of gloves
Will    .....                   (no boots)
Stlth   ..........              (no amulet)
HPRegen 0.21/turn               j - ring of protection from cold
MPRegen 0.10/turn               w - ring of flight

@: brilliant, lethally poisoned (-5 -> -7), flying, hasted, very quick
A: horns 2, retaliatory headbutt
a: no special abilities


You were on level 5 of the Dungeon.
You visited 1 branch of the dungeon, and saw 5 of its levels.
You also visited: Ossuary.

You collected 196 gold pieces.

Inventory:

Hand Weapons
 a - a +1 war axe of protection
 n - the +9 spear "Siocor" (weapon) {vorpal, rElec rC+ Dex-3}
   (You found it on level 2 of the Dungeon)

   It inflicts extra damage upon your enemies.
   Dex:       It affects your dexterity (-3).
   rC:        It protects you from cold.
   rElec:     It insulates you from electricity.
Missiles
 d - 6 atropa-tipped darts
 e - 2 silver javelins (quivered)
Armour
 b - a +0 scale mail (worn)
 c - a +0 buckler (worn)
 r - a +1 pair of gloves (worn)
 s - a +0 chain mail of poison resistance
Jewellery
 j - a ring of protection from cold (left hand)
 u - an amulet of faith
 w - a ring of flight (right hand)
Wands
 i - a wand of mindburst (11)
Scrolls
 f - a scroll of fog
 g - 3 scrolls of amnesia
 k - a scroll of teleportation
 p - a scroll of immolation
 t - a scroll of silence
 y - a scroll of fear
Potions
 h - a potion of magic
 l - 3 potions of haste
 o - a potion of attraction
 v - 3 potions of might


   Skills:
 * Level 6.4 Fighting
 - Level 4.0(5.5) Axes
 + Level 5.9(6.5) Polearms
 + Level 0.1 Throwing
 * Level 6.1 Armour
 + Level 2.7 Dodging
 + Level 0.2 Stealth
 + Level 5.4 Shields


You had 7 spell levels left.
You didn't know any spells.
Your spell library contained the following spells:

 Spells                   Type           Power      Damage    Failure   Level
 Sandblast                Erth           0%         2d4       90%         1
 Passwall                 Tmut/Erth      0%         N/A       97%         2
 Static Discharge         Conj/Air       0%         3-3/arc   97%         2
 Stone Arrow              Conj/Erth      0%         3d7       99%         3
 Dispel Undead            Necr           0%         3d6       100%        4
 Sticky Flame             Conj/Fire      0%         2d3       100%        4


Dungeon Overview and Level Annotations

Branches:
Dungeon (5/15)            Ossuary (visited)
 Temple: D:4-7

Altars:
Cheibriados
Wu Jian


Innate Abilities, Weirdness & Mutations

You have a pair of horns on your head.
You reflexively headbutt those who attack you in melee.


Message History

You feel sick. The hound closely misses you. The hound barely misses you.
You furiously retaliate!
You headbutt the hound. The gnoll barely misses you.
Unknown command.
You hit the hound. You headbutt the hound!
The hound is almost dead.
You feel sick.
The hound bites you but does no damage. x2
You block the gnoll's attack. The hound barely misses you.
You closely miss the hound.
The hound is almost dead.
You feel sick.
The hound bites you but does no damage. x2
The gnoll hits you with a +0 flail. The hound barely misses you.
Unknown command.
You hit the hound.
You kill the hound!
You feel sick. The hound bites you but does no damage.
You block the iguana's attack. The gnoll closely misses you.
The gnoll completely misses you.
Unknown command.
You puncture the hound! Your headbutt misses the hound.
The hound is severely wounded.
You feel sick. The quokka barely misses you. You furiously retaliate!
You headbutt the quokka.
You kill the quokka!
You block the hound's attack.
You puncture the hound!
You kill the hound!
You feel sick. The iguana bites you!
* * * LOW HITPOINT WARNING * * *
Unknown command.
It was a potion of brilliance.
You feel clever all of a sudden.
You feel sick.
A jelly comes into view.
You block the gnoll's attack. The iguana barely misses you.
You furiously retaliate!
You headbutt the iguana.
It was a potion of haste.
You feel yourself speed up.
You feel sick. The gnoll hits you with a +0 flail.
* * * LOW HITPOINT WARNING * * *
The iguana bites you!
You die...

#############
............#
............#
......†@g...#
....!.glg...#
............#
$...........#
..............
...............
.J##............
#. ..###...(....


You could see an iguana, a jelly and 3 gnolls.

Vanquished Creatures
  A water moccasin (D:5)
  An ogre (D:4)
  2 scorpions (D:4)
  A gnoll sergeant (D:5)
  A necrophage (D:4)
  4 hounds
  3 human zombies (Ossuary)
  Ijyb (D:4)
  2 iguanas (D:4)
  A hound zombie (Ossuary)
  4 mummies (Ossuary)
  9 gnolls
  7 adders
  A white imp (D:3)
  2 ufetubi
  A worm (D:4)
  4 dart slugs
  11 orcs
  6 bats
  7 endoplasms
  7 giant cockroaches
  A gnoll zombie (Ossuary)
  13 goblins
  8 hobgoblins
  10 jackals
  11 kobolds
  5 quokkas
  9 ball pythons
  5 frilled lizards
  A goblin zombie (Ossuary)
  A jackal zombie (Ossuary)
  2 kobold zombies (Ossuary)
  2 orc zombies (Ossuary)
  8 rats
  A rat zombie (Ossuary)
153 creatures vanquished.

Notes
Turn   | Place    | Note
-------+----------+-------------------------------------------
     0 | D:1      | Icepheonix32 the Minotaur Fighter began the quest for the
                  | Orb.
     0 | D:1      | Reached XP level 1. HP: 19/19 MP: 0/0
    72 | D:1      | Reached XP level 2. HP: 14/27 MP: 1/1
   364 | D:1      | Found a faded altar of an unknown god.
   781 | D:1      | Reached XP level 3. HP: 33/33 MP: 2/2
  1358 | D:2      | Reached XP level 4. HP: 35/40 MP: 3/3
  1367 | D:2      | Reached skill level 1 in Dodging
  1570 | D:2      | Identified the +9 spear "Siocor" {vorpal, rElec rC+ Dex-3}
  1852 | D:2      | Reached XP level 5. HP: 25/47 MP: 4/4
  2574 | D:3      | Reached skill level 1 in Polearms
  3019 | D:4      | Noticed an ogre
  3026 | D:4      | Killed an ogre
  3027 | D:4      | Reached skill level 5 in Fighting
  3027 | D:4      | Reached skill level 5 in Armour
  3027 | D:4      | Reached XP level 6. HP: 56/56 MP: 5/5
  3085 | D:4      | Found a sand-covered staircase.
  3124 | Ossuary  | Entered an ossuary
  3488 | D:4      | Found an ornate altar of the Wu Jian Council.
  3504 | D:4      | Noticed Ijyb
  3517 | D:4      | Reached XP level 7. HP: 23/61 MP: 6/6
  3519 | D:4      | Killed Ijyb
  3876 | D:4      | Found a snail-covered altar of Cheibriados.
  3916 | D:4      | Reached skill level 5 in Shields
  3931 | D:4      | Reached skill level 5 in Polearms
  4205 | D:5      | Entered Level 5 of the Dungeon
  4341 | D:5      | Reached XP level 8. HP: 33/70 MP: 7/7
  4348 | D:5      | Slain by an iguana

Illustrated notes

Levels and vault maps discovered:
D:1:      minmay_arrival_open_corners, layout_basic,
          dreamdust_ecumenical_altar_statues
D:2:      layout_basic, guppyfry_early_orc_mine
D:3:      kennysheep_the_goblin_king, layout_basic
D:4:      layout_rooms, mainiacjoe_overflow_small_starburst, slow_altar_2,
          lightli_ossuary_entry_decrepit_ruins, st_stairs_14, uniq_ijyb
D:5:      layout_basic, minmay_temple_entry_sparse_star

Skill      XL: |  1  2  3  4  5  6  7 |
---------------+----------------------+-----
Shields        | 4 5 |  5.4
Fighting       | 4 5 6 |  6.4
Axes           | 3 4 |  4.0
Armour         | 4 5 6 |  6.1
Dodging        | 1 2 |  2.7
Polearms       | 1 3 5 |  5.9
Throwing       | |  0.1
Stealth        | |  0.2

Action                   |  1- 3 |  4- 6 |  7- 9 || total
-------------------------+-------+-------+-------++-------
Melee: War axe           |    87 |    12 |       ||    99
       Headbutt          |     8 |    10 |    10 ||    28
       Spear             |       |   156 |    82 ||   238
Throw: Dart              |       |     3 |       ||     3
  Use: Scroll            |     1 |     9 |     2 ||    12
       Potion            |     1 |     2 |     3 ||     6
Armor: Scale mail        |    50 |    50 |    21 ||   121
       Skin              |       |    93 |       ||    93
Dodge: Dodged            |    38 |    59 |    35 ||   132
Block: Buckler           |    13 |    48 |    18 ||    79
